 Dungeon Crawl Stone Soup version 0.29.0-11-gd7f09526c8 (console) character file.

Game seed: 13681280389792750036

6321 erker the Magician (level 10, -6/76 HPs)
             Began as a Gnoll Earth Elementalist on Sept 4, 2022.
             Was an Elder of Cheibriados.
             Killed by divine providence
             ... invoked by an orc priest
              (13 damage)
             ... on level 9 of the Dungeon.
             The game lasted 00:45:06 (9926 turns).

erker the Magician (Gnoll Earth Elementalist)       Turns: 9926, Time: 00:45:07

Health: -6/76      AC: 17    Str: 19    XL:     10   Next: 95%
Magic:  21/21      EV: 17    Int: 28    God:    Cheibriados [****..]
Gold:   418        SH:  0    Dex: 22    Spells: 12/24 levels left

rFire   . . .      SeeInvis .   a - +1 dagger (drain)
rCold   . . .      Faith    .   (no shield)
rNeg    . . .      Spirit   .   K - +0 troll leather armour
rPois   .          Reflect  .   p - +2 helmet
rElec   .          Harm     .   (no cloak)
rCorr   .          Rampage  .   (no gloves)
Will    .....                   B - +0 pair of boots
Stlth   +.........              M - amulet of magic regeneration
HPRegen 1.02/turn               I - +4 ring of protection
MPRegen 0.57/turn               o - +4 ring of protection

@: confused, lethally poisoned (-6 -> -7), ambrosia-drunk, very slow
A: fangs 1, strong nose, distributed training
a: Renounce Religion, Bend Time, Temporal Distortion, Slouch


You were on level 9 of the Dungeon.
You worshipped Cheibriados.
Cheibriados was greatly pleased with you.
You visited 2 branches of the dungeon, and saw 10 of its levels.

You collected 418 gold pieces.

Inventory:

Hand Weapons
 a - a +1 dagger of draining (weapon)
 b - a +6 vorpal trident
 E - a +5 mace
 N - a +0 broad axe
Missiles
 c - 13 poisoned darts (quivered)
 J - 2 atropa-tipped darts
Armour
 l - a +0 robe of willpower
 p - a +2 helmet (worn)
 B - a +0 pair of boots (worn)
 G - a +2 ring mail of cold resistance
 K - a +0 troll leather armour (worn)
Jewellery
 g - a +6 ring of dexterity
 o - a +4 ring of protection (right hand)
 C - a ring of protection from cold
 I - a +4 ring of protection (left hand)
 L - a +6 ring of intelligence
 M - an amulet of magic regeneration (around neck)
Wands
 w - a wand of flame (1)
 y - a wand of paralysis (10)
Scrolls
 j - a scroll of brand weapon {unknown}
 m - a scroll of fear {unknown}
 n - 2 scrolls of summoning
 q - 2 scrolls of enchant armour {unknown}
 s - 8 scrolls of teleportation
 u - 3 scrolls of noise {unknown}
 v - 2 scrolls of magic mapping {unknown}
 z - a scroll of poison {unknown}
 A - a scroll of enchant weapon {unknown}
 D - 4 scrolls of identify
Potions
 d - 4 potions of attraction
 e - 3 potions of flight
 f - 2 potions of heal wounds {unknown}
 i - a potion of mutation {unknown}
 k - a potion of brilliance {unknown}
 r - a potion of haste
 t - 2 potions of curing {unknown}
 x - a potion of cancellation {unknown}
 F - 4 potions of magic
 H - a potion of might {unknown}


   Skills:
 + Level 6.0 Fighting
 + Level 6.0 Short Blades
 + Level 6.0 Long Blades
 + Level 6.0 Axes
 + Level 6.0 Maces & Flails
 + Level 6.0 Polearms
 + Level 6.0 Staves
 + Level 6.0 Ranged Weapons
 + Level 6.0 Throwing
 + Level 6.0 Armour
 + Level 7.6 Dodging
 + Level 7.4 Stealth
 + Level 6.0 Shields
 + Level 6.0 Unarmed Combat
 + Level 7.9 Spellcasting
 + Level 4.9 Conjurations
 + Level 4.9 Hexes
 + Level 4.9 Summonings
 + Level 4.9 Necromancy
 + Level 4.9 Translocations
 + Level 5.4 Transmutations
 + Level 4.9 Fire Magic
 + Level 4.9 Ice Magic
 + Level 4.9 Air Magic
 + Level 7.4 Earth Magic
 + Level 4.9 Poison Magic
 + Level 6.5 Invocations
 + Level 6.0 Evocations


You had 12 spell levels left.
You knew the following spells:

 Your Spells              Type           Power      Damage    Failure   Level
a - Sandblast             Erth           100%       2d20      1%          1
f - Cause Fear            Hex            19%        N/A       8%          4
p - Petrify               Tmut/Erth      47%        N/A       4%          4
w - Passwall              Tmut/Erth      39%        N/A       1%          2
x - Apportation           Tloc           76%        N/A       1%          1

Your spell library contained the following spells:

 Spells                   Type           Power      Damage    Failure   Level
 Beastly Appendage        Tmut           82%        N/A       1%          1
 Necrotise                Necr           100%       1d9       1%          1
 Shock                    Conj/Air       100%       1d9       1%          1
 Summon Small Mammal      Summ           100%       N/A       1%          1
 Static Discharge         Conj/Air       38%        3-8/arc   1%          2
 Wereblood                Tmut           41%        N/A       1%          2
 Spider Form              Tmut/Pois      40%        N/A       1%          3
 Stone Arrow              Conj/Erth      90%        3d12      1%          3
 Inner Flame              Hex/Fire       38%        N/A       2%          3
 Swiftness                Air            38%        N/A       2%          3
 Vampiric Draining        Necr           38%        2d8       2%          3
 Airstrike                Air            19%        2d(3-19)  8%          4
 Agony                    Necr           38%        N/A       21%         5
 Lightning Bolt           Conj/Air       19%        1d33      21%         5
 Discord                  Hex            19%        N/A       100%        8
 Maxwell's Capacitive Co  Air            19%        ∞         100%        8


Dungeon Overview and Level Annotations

Branches:
Dungeon (9/15)             Temple (1/1) D:4
   Lair: D:8-11         Orc: D:9-12

Altars:
Ashenzari
Cheibriados
Dithmenos
Elyvilon
Fedhas
Gozag
Hepliaklqana
Kikubaaqudgha
Makhleb
Nemelex Xobeh
Okawaru
Qazlal
Ru
Sif Muna
Trog
Vehumet
Wu Jian
Xom
Yredelemnul
Zin
The Shining One

Annotations:
Temple 2 transporters


Innate Abilities, Weirdness & Mutations

You have very sharp teeth.
Your uncanny sense of smell can sniff out nearby items.
Your experience applies equally to all skills.


Message History

You hear a shout! x2; You hear a bellow!
You hear a shout! x7
You hear a bellow!
You hear a shout!
Casting: Sandblast (safe; 1% risk of failure)
Confirm with . or Enter, or press ? or * to list all spells.
Aiming: Sandblast (safe; 1% risk of failure)
Press: ? - help, Shift-Dir - straight line, f/p - orc priest
Aim: an orc priest, wielding a +1 vorpal mace (lightly wounded, 85% to hit)
The blast of sand hits the howler monkey!!
You kill the howler monkey!
Cheibriados appreciates the change of pace.
You feel sick.
The orc priest hits you with a +1 vorpal mace.
* * * LOW HITPOINT WARNING * * *
x2
Casting: Sandblast (safe; 1% risk of failure)
Confirm with . or Enter, or press ? or * to list all spells.
Aiming: Sandblast (safe; 1% risk of failure)
Press: ? - help, Shift-Dir - straight line, f/p - orc priest
Aim: an orc priest, wielding a +1 vorpal mace (lightly wounded, 85% to hit)
The blast of sand hits the orc priest!
The orc priest is almost dead.
You feel sick.
The orc priest hits you but does no damage.
Casting: Sandblast (safe; 1% risk of failure)
Confirm with . or Enter, or press ? or * to list all spells.
Aiming: Sandblast (safe; 1% risk of failure)
Press: ? - help, Shift-Dir - straight line, f/p - orc priest
Aim: an orc priest, wielding a +1 vorpal mace (almost dead, 85% to hit)
The blast of sand misses the orc priest.
The blast of sand misses the howler monkey.
You feel sick.
The orc priest mumbles some strange prayers to Beogh against you.
Beogh smites you!
* * * LOW HITPOINT WARNING * * *
The orc priest barely misses you.
You are confused.
You feel invigorated.
The howler monkey hoots and howls with incredible vigour!
The orc priest invokes the aid of Beogh against you.
Beogh smites you!
You die...

∆ ∆ #### .#... .'...
.#....
#########''''###########
...........o..ho@.......
~≈~~~≈~~~....~~≈≈~≈~~~~~
≈≈≈≈≈≈≈~≈....~≈≈≈≈≈≈≈≈≈~
{~~≈~≈h~~....~≈≈~~~~~~~~
Y.......................
......Y.................
..........############'#
######.... .# .....# ..


You could see a howler monkey (catching breath) and 2 orc priests.

Vanquished Creatures
  A troll (D:9)
  Prince Ribbit (D:5)
  Sigmund (D:5)
  7 yaks
  A wyvern (D:8)
  2 steam dragons
  2 water moccasins
  Duvessa (D:7)
  4 orc warriors
  3 sky beasts (D:7)
  A black bear (D:6)
  2 ice beasts (D:6)
  3 ogres
  2 centaurs
  A kobold brigand (D:6)
  Blork the orc (D:5)
  A bullfrog (D:9)
  2 necrophages (D:7)
  5 scorpions
  A gnoll sergeant (D:8)
  8 wights (D:7)
  Dowan (D:7)
  A killer bee (D:7)
  6 howler monkeys
  3 vampire bats (D:9)
  A crimson imp (D:5)
  2 quasits (D:8)
  3 hounds
  3 jellies
  5 orc priests
  3 gnoll boudas
  5 iguanas
  Natasha (D:2)
  5 orc wizards
  Robin (D:2)
  19 gnolls
  5 adders
  4 shadow imps
  4 white imps
  4 ufetubi
  3 worms
  6 dart slugs
  31 orcs
  3 bat skeletons (D:9)
  2 bat zombies (D:9)
  3 endoplasms
  A giant cockroach (D:1)
  16 goblins
  11 hobgoblins
  9 kobolds
  3 quokkas
  3 ball pythons
  3 frilled lizards
  5 rats
225 creatures vanquished.

Vanquished Creatures (others)
  An orc (D:9)
  3 demonic plants (D:8)
  A plant (D:9)
5 creatures vanquished.

Grand Total: 230 creatures vanquished

Notes
Turn   | Place    | Note
-------+----------+-------------------------------------------
     0 | D:1      | erker the Gnoll Earth Elementalist began the quest for the
                  | Orb.
     0 | D:1      | Reached XP level 1. HP: 13/13 MP: 6/6
    80 | D:1      | Found a faded altar of an unknown god.
   382 | D:1      | Reached XP level 2. HP: 19/19 MP: 7/7
   990 | D:2      | Learned a level 2 spell: Passwall
  1193 | D:2      | Reached skill level 5 in Spellcasting
  1193 | D:2      | Reached XP level 3. HP: 25/25 MP: 7/9
  1549 | D:2      | Noticed Robin
  1623 | D:2      | Reached skill level 1 in Invocations
  1664 | D:2      | Killed Robin
  1665 | D:2      | Reached skill level 1 in Fighting
  1665 | D:2      | Reached skill level 1 in Short Blades
  1665 | D:2      | Reached skill level 1 in Long Blades
  1665 | D:2      | Reached skill level 1 in Axes
  1665 | D:2      | Reached skill level 1 in Maces & Flails
  1665 | D:2      | Reached skill level 1 in Polearms
  1665 | D:2      | Reached skill level 1 in Staves
  1665 | D:2      | Reached skill level 1 in Ranged Weapons
  1665 | D:2      | Reached skill level 1 in Throwing
  1665 | D:2      | Reached skill level 1 in Armour
  1665 | D:2      | Reached skill level 1 in Shields
  1665 | D:2      | Reached skill level 1 in Unarmed Combat
  1665 | D:2      | Reached skill level 1 in Evocations
  1666 | D:2      | Noticed Natasha
  1668 | D:2      | Killed Natasha
  1669 | D:2      | Reached skill level 1 in Conjurations
  1669 | D:2      | Reached skill level 1 in Hexes
  1669 | D:2      | Reached skill level 1 in Summonings
  1669 | D:2      | Reached skill level 1 in Necromancy
  1669 | D:2      | Reached skill level 1 in Translocations
  1669 | D:2      | Reached skill level 1 in Fire Magic
  1669 | D:2      | Reached skill level 1 in Ice Magic
  1669 | D:2      | Reached skill level 1 in Air Magic
  1669 | D:2      | Reached skill level 1 in Poison Magic
  1669 | D:2      | Reached XP level 4. HP: 31/32 MP: 6/11
  1854 | D:2      | Found a bloodstained altar of Trog.
  2351 | D:3      | Reached XP level 5. HP: 14/37 MP: 10/12
  3393 | D:4      | Noticed an ogre
  3393 | D:4      | Noticed an ogre
  3478 | D:4      | Reached XP level 6. HP: 43/44 MP: 9/14
  3483 | D:4      | Learned a level 4 spell: Petrify
  3556 | D:4      | Found a staircase to the Ecumenical Temple.
  3565 | Temple   | Entered the Ecumenical Temple
  3565 | Temple   | Found a transporter.
  3565 | Temple   | Found a transporter.
  3567 | Temple   | Found a transporter.
  3567 | Temple   | Found a transporter.
  3598 | Temple   | Became a worshipper of Cheibriados the Contemplative
  3752 | D:4      | Reached skill level 5 in Dodging
  4389 | D:4      | Reached XP level 7. HP: 50/50 MP: 13/15
  4488 | D:4      | Reached skill level 5 in Stealth
  4759 | D:5      | Entered Level 5 of the Dungeon
  4759 | D:5      | Noticed Sigmund
  4766 | D:5      | Killed Sigmund
  4919 | D:4      | Reached XP level 8. HP: 58/58 MP: 9/16
  4977 | D:5      | Noticed Blork the orc
  5097 | D:5      | Reached * piety under Cheibriados
  5205 | D:5      | Killed Blork the orc
  5249 | D:5      | Noticed Prince Ribbit
  5255 | D:5      | Killed Prince Ribbit
  5493 | D:5      | Found a radiant altar of Vehumet.
  5495 | D:5      | Found a burning altar of Makhleb.
  5993 | D:5      | Found a sacrificial altar of Ru.
  6045 | D:6      | Reached ** piety under Cheibriados
  6046 | D:6      | Reached XP level 9. HP: 60/65 MP: 14/18
  6971 | D:7      | Noticed Dowan
  6971 | D:7      | Noticed Duvessa
  7192 | D:7      | Reached skill level 5 in Invocations
  7407 | D:7      | Reached *** piety under Cheibriados
  8015 | D:7      | Reached skill level 5 in Fighting
  8015 | D:7      | Reached skill level 5 in Short Blades
  8015 | D:7      | Reached skill level 5 in Long Blades
  8015 | D:7      | Reached skill level 5 in Axes
  8015 | D:7      | Reached skill level 5 in Maces & Flails
  8015 | D:7      | Reached skill level 5 in Polearms
  8015 | D:7      | Reached skill level 5 in Staves
  8015 | D:7      | Reached skill level 5 in Ranged Weapons
  8015 | D:7      | Reached skill level 5 in Throwing
  8015 | D:7      | Reached skill level 5 in Armour
  8015 | D:7      | Reached skill level 5 in Shields
  8015 | D:7      | Reached skill level 5 in Unarmed Combat
  8015 | D:7      | Reached skill level 5 in Evocations
  8015 | D:7      | Reached XP level 10. HP: 74/74 MP: 17/20
  8050 | D:7      | Killed Duvessa
  8054 | D:7      | Killed Dowan
  8498 | D:8      | Learned a level 4 spell: Cause Fear
  8702 | D:8      | Learned a level 1 spell: Apportation
  8880 | D:8      | Reached skill level 5 in Transmutations
  8897 | D:8      | Reached **** piety under Cheibriados
  9517 | D:9      | Found a hazy altar of Hepliaklqana.
  9766 | D:9      | Found an ancient bone altar of Kikubaaqudgha.
  9925 | D:9      | HP: 2/76 [orc priest/divine providence (15)]
  9926 | D:9      | Killed from afar by an orc priest

Illustrated notes

Levels and vault maps discovered:
D:1:      dpeg_arrival_lava_temple_mockup, layout_basic,
          shapermc_ecumenical_altar_pompeii
D:2:      layout_loops_ring, basic_altar, uniq_natasha, uniq_robin
D:3:      layout_basic, hangedman_decor_growths, due_unseen_surprise
D:4:      kennysheep_big_flooded_room, layout_loops_ring, temple_statues,
          st_stairs_10
D:5:      layout_basic, nicolae_ru_the_path_less_chosen,
          grunt_temple_overflow_lords_of_destruction, st_stairs_11,
          uniq_sigmund, uniq_blork_the_orc, uniq_prince_ribbit1
D:6:      layout_loops_ring, nicolae_benzene_ring, nicolae_titane
D:7:      wad_crossroads, layout_cave_pools, uniq_duvessa
D:8:      layout_cave_pools, serial_demonic, serial_demonic_a, serial_demonic_f,
          serial_demonic_f, serial_demonic_a, serial_demonic_c, serial_demonic_b
D:9:      lemuel_castle_with_subvaults [lemuel_castle_interior_carwin_1],
          layout_irregular_city, kennysheep_vampire_church,
          mainiacjoe_overflow_surrounded_room, biasface_ghost_orc_armoury,
          hex_large, grunt_ministairs_14, minivault_16
Temple:   hellmonk_temple_divided_pantheon

Skill      XL: |  1  2  3  4  5  6  7  8  9 10 |
---------------+-------------------------------+-----
Transmutations | 2 3 4 5 |  5.4
Spellcasting   | 5 6 7 |  7.9
Invocations    | 1 2 3 4 5 6 |  6.5
Fighting       | 1 2 3 5 6 |  6.0
Short Blades   | 1 2 3 5 6 |  6.0
Long Blades    | 1 2 3 5 6 |  6.0
Axes           | 1 2 3 5 6 |  6.0
Maces & Flails | 1 2 3 5 6 |  6.0
Polearms       | 1 2 3 5 6 |  6.0
Staves         | 1 2 3 5 6 |  6.0
Ranged Weapons | 1 2 3 5 6 |  6.0
Throwing       | 1 2 3 5 6 |  6.0
Armour         | 1 2 3 5 6 |  6.0
Shields        | 1 2 3 5 6 |  6.0
Unarmed Combat | 1 2 3 5 6 |  6.0
Evocations     | 1 2 3 5 6 |  6.0
Conjurations   | 1 2 3 4 |  4.9
Hexes          | 1 2 3 4 |  4.9
Summonings     | 1 2 3 4 |  4.9
Necromancy     | 1 2 3 4 |  4.9
Translocations | 1 2 3 4 |  4.9
Fire Magic     | 1 2 3 4 |  4.9
Ice Magic      | 1 2 3 4 |  4.9
Air Magic      | 1 2 3 4 |  4.9
Poison Magic   | 1 2 3 4 |  4.9
Dodging        | 5 6 7 |  7.6
Stealth        | 5 6 7 |  7.4
Earth Magic    | 6 7 |  7.4

Action                   |  1- 3 |  4- 6 |  7- 9 | 10-12 || total
-------------------------+-------+-------+-------+-------++-------
Melee: Unarmed           |    33 |       |       |       ||    33
       Dagger            |    59 |   102 |    55 |    24 ||   240
       Bite              |     4 |    12 |     9 |     3 ||    28
       Punch             |       |     3 |     1 |       ||     4
       Trident           |       |       |       |     2 ||     2
Throw: Dart              |       |     2 |     5 |    11 ||    18
 Cast: Sandblast         |    20 |    45 |   122 |    96 ||   283
       Passwall          |     1 |     3 |     7 |     4 ||    15
       Petrify           |       |       |    19 |    17 ||    36
  Use: Scroll            |       |       |     7 |     1 ||     8
       Potion            |       |       |     1 |     1 ||     2
 Stab: Sleeping          |     7 |     6 |    13 |     5 ||    31
       Distracted        |     1 |       |       |       ||     1
       Petrified         |       |       |    15 |    11 ||    26
Armor: Robe              |    19 |    37 |    29 |    13 ||    98
       Ring mail         |       |       |       |    12 ||    12
       Troll leather arm |       |       |       |    11 ||    11
Dodge: Dodged            |    63 |    88 |    96 |    78 ||   325
